Cogmind - Beta 13 @@@ ROGUE MODE // 2024.04.05 @ 08:45:33 Player: OurFastestFox Result: Destroyed by S-10 Pest with Light Assault Rifle Performance ------------- Evolutions (0) 0 Regions Visited (1) 200 Robots Destroyed (10) 50 Value Destroyed (154) 154 Prototype IDs (0) 0 Alien Tech Used (0) 0 Bonus (0) 0 TOTAL SCORE: 404 Bonus ------- None Cogmind --------- Core Integrity 0/250 Matter 271/300 Energy 100/100 System Corruption 0% Temperature Cool (0) Movement Core (50) Location -10/Materials Parts ------- > --- POWER (1) -------- (None) > --- PROPULSION (2) --- (None) > --- UTILITY (2) ------ (None) > --- WEAPON (2) ------- Light Assault Rifle Light Assault Rifle > --- INVENTORY (5) ---- (None) Peak State ------------ > --- POWER ------------ Light Ion Engine > --- PROPULSION ------- Aluminum Leg Aluminum Leg > --- UTILITY ---------- Heat Sink Tractor Beam > --- WEAPON ----------- EM Pulse Gun EM Pulse Gun > --- INVENTORY -------- (None) [Rating: 7] Favorites ----------- Power Light Ion Engine Engine Light Ion Engine Propulsion Aluminum Leg Leg Aluminum Leg Utility Heat Sink Device Heat Sink Weapon EM Pulse Gun Energy Gun EM Pulse Gun Ballistic Gun Light Assault Rifle Build | -11 -10 ------- Run | Yrd Mat Slots Evolved . | . . Power . | . . Propulsion . | . . Utility . | . . Weapon . | . . Parts Attached 10 | 5 5 Power 2 | 1 1 Engine 2 | 1 1 Core . | . . Reactor . | . . Propulsion 2 | 2 . Treads . | . . Leg 2 | 2 . Wheel . | . . Hover . | . . Flight . | . . Utility 2 | . 2 Device 2 | . 2 Storage . | . . Processor . | . . Hackware . | . . Protection . | . . Artifact . | . . Weapon 4 | 2 2 Energy Gun 2 | 2 . Energy Cannon . | . . Ballistic Gun 2 | . 2 Ballistic Cannon . | . . Launcher . | . . Special Weapon . | . . Impact Weapon . | . . Slashing Weapon . | . . Piercing Weapon . | . . Special Melee Weapon . | . . Unidentified Prototypes . | . . Parts Lost 8 | . 8 Power 2 | . 2 Propulsion 2 | . 2 Utility 2 | . 2 Weapon 2 | . 2 Highest Loss Streak 6 | . 6 To Critical Strikes . | . . Average Slot Usage (%) 73 | . 73 Engine 10 | . 10 Leg 20 | . 20 Device 14 | . 14 Energy Gun 15 | . 15 Ballistic Gun 11 | . 11 Naked Turns . | . . Heaviest Build 9 | 7 9 Greatest Support 20 | 20 20 Greatest Overweight (x) 1 | 1 . Average Overweight (x) . | . . Largest Inventory Capacity 5 | 5 5 Average Capacity 5 | 5 5 Most Carried 5 | 5 2 Average Carried . | 2 . Final Capacity 5 | 5 5 Final Carried 1 | 1 . Class Distribution -------------------- 100% | Mutant Dominant Class ---------------- Mutant | -10/Materials Resources | -11 -10 ----------- Run | Yrd Mat Matter Collected 297 | 250 47 Remotely 47 | . 47 Salvage Created 244 | 46 198 Parts 18 | 3 15 Haulers Intercepted . | . . Recyclers Shooed 2 | . 2 Parts Field Recycled . | . . Retrieved Matter . | . . Parts Self-Destructed . | . . Prevented . | . . Kills | -11 -10 ------- Run | Yrd Mat Combat Hostiles Destroyed 9 | 1 8 Guns 9 | 1 8 Classes Destroyed 3 | 1 2 Watcher 1 | . 1 Swarmer 7 | . 7 Grunt 2 | 1 1 Best Kill Streak 6 | 1 6 Combat Bots Only 5 | 1 5 Max Kills in Single Turn 1 | 1 1 Gunslinging . | . . Exploded . | . . Melee . | . . Uniques/NPCs Destroyed . | . . Combat | -11 -10 -------- Run | Yrd Mat Hostile Shots Fired 124 | 7 117 Missed 34 | 2 32 Damage Taken 725 | 54 671 Core 251 | 44 207 Absorbed by Shields . | . . Core Remaining (%) 82 | 82 . Volleys Fired 44 | 4 40 Largest 2 | 2 2 Hottest 80 | 80 80 Shots Fired 83 | 8 75 Gun 83 | 8 75 Cannon . | . . Launcher . | . . Special . | . . Kinetic 48 | . 48 Thermal . | . . Explosive . | . . Electromagnetic 35 | 8 27 Robot Hit Streak 4 | 3 4 Robot Miss Streak 8 | 1 8 Penetration Max . | . . Secondary Targets 3 | . 3 Max Gunslinging Chain 1 | . 1 Shots Hit Robots 35 | 5 30 Core Hits 14 | 1 13 Critical Kills . | . . Critical Parts Destroyed . | . . Critical Strikes 3 | 1 2 Corrupt 3 | 1 2 Melee Attacks . | . . Impact . | . . Slashing . | . . Piercing . | . . Sneak Attacks . | . . Combat Hostiles . | . . Follow-up Attacks . | . . Damage Inflicted 378 | 69 309 Guns 378 | 69 309 Cannons . | . . Explosions . | . . Melee . | . . Ramming . | . . Kinetic 153 | . 153 Thermal . | . . Explosive . | . . Electromagnetic 225 | 69 156 Impact . | . . Slashing . | . . Piercing . | . . Highest Corruption . | . . Average Corruption . | . . Corruption Purged . | . . Corruption Blocked . | . . Overload Shots . | . . Overflow Damage . | . . Projectiles . | . . Explosions . | . . Melee . | . . Knockbacks . | . . Impact . | . . Kinetic . | . . Secondary . | . . Self-Inflicted Damage . | . . Shots . | . . Rammed . | . . Targets Rammed . | . . Kicked . | . . Crushed . | . . Highest Temperature 27 | 27 . Average Temperature 13 | 13 . Received Heat Transfer 48 | 30 18 Siege Activations . | . . Robots Corrupted . | . . Combat Hostiles . | . . Parts Fried 2 | . 2 Impact Corruptions . | . . Robots Melted . | . . Combat Hostiles . | . . Parts Melted . | . . Heat Transferred . | . . Parts Sabotaged . | . . Parts Stolen . | . . Parts Stripped . | . . Power Chain Reactions . | . . Alert | -11 -10 ------- Run | Yrd Mat Peak Influence 160 | 20 160 Initial 13 | . 13 Average 66 | 5 87 Maximum Alert Level . | . . Low Security (%) 100 | 100 100 Level 1 . | . . Level 2 . | . . Level 3 . | . . Level 4 . | . . Level 5 . | . . High Security . | . . Max Security . | . . Squads Dispatched . | . . Investigation . | . . Extermination . | . . Reinforcement . | . . Assault . | . . Garrison . | . . Intercept . | . . Searches Triggered . | . . Construction Impeded . | . . Haulers Reinforced . | . . Active Scanning Responses . | . . Cargo Convoy Interrupts . | . . Stealth | -11 -10 --------- Run | Yrd Mat Distress Signals 1 | . 1 Communications Jammed . | . . Distress Signals . | . . Times Spotted 12 | 1 11 Peak Tracking Total 4 | 1 4 Tactical Retreats . | . . Traps | -11 -10 ------- Run | Yrd Mat Traps Triggered . | . . Indirectly . | . . Trap Hack Attempts . | . . Triggered . | . . Disarmed . | . . Reprogrammed . | . . Reused . | . . Traps Extracted . | . . Installed . | . . Triggered . | . . Machines | -11 -10 ---------- Run | Yrd Mat Machines Disabled . | . . Max in Single Turn . | . . Machines Repaired . | . . Machines Dismantled . | . . Machines Sabotaged . | . . Overloaded Fab Kills . | . . Hacking | -11 -10 --------- Run | Yrd Mat Machines Accessed 1 | . 1 Terminals . | . . Fabricators . | . . Repair Stations . | . . Recycling Units 1 | . 1 Scanalyzers . | . . Garrison Access . | . . Total Hacks 3 | . 3 Successful 1 | . 1 Failed 2 | . 2 Catastrophic . | . . Database Lockouts . | . . Manual . | . . Terminals . | . . Fabricators . | . . Repair Stations . | . . Recycling Units 3 | . 3 Scanalyzers . | . . Garrison Access . | . . Terminal Hacks . | . . Fabricator Hacks . | . . Repair Station Hacks . | . . Recycling Unit Hacks 1 | . 1 Report Inventory 1 | . 1 Scanalyzer . | . . Garrison Access Hacks . | . . Unauthorized Hacks . | . . Terminals . | . . Fabricators . | . . Repair Stations . | . . Recycling Units . | . . Scanalyzers . | . . Garrison Access . | . . Data Cores Recovered . | . . Used . | . . Hacking Detections 1 | . 1 Full Trace Events . | . . Feedback Events . | . . Feedback Blocked . | . . Robot Schematics Acquired . | . . Robots Built . | . . Authchips . | . . Time . | . . Total Robot Build Rating . | . . Part Schematics Acquired . | . . Parts Built . | . . Authchips . | . . Time . | . . Total Part Build Rating . | . . Parts Repaired . | . . Time . | . . Parts Recycled . | . . Recycled Matter . | . . Retrieved Matter . | . . Retrieved Components . | . . Parts Scanalyzed . | . . Part Schematics Acquired . | . . Parts Damaged . | . . Bothacking | -11 -10 ------------ Run | Yrd Mat Used RIF Installer . | . . Robots Hacked . | . . Non-combat . | . . Combat . | . . Robot Hacks Applied . | . . Relay Couplers Released . | . . Fabnet Peak Effective % . | . . Robots Rewired . | . . Allies Hacked . | . . Hacks Repelled . | . . Allies | -11 -10 -------- Run | Yrd Mat Total Allies . | . . Largest Group . | . . Highest-Rated Group . | . . Highest-Rated Ally . | . . Total Orders . | . . Ally Attacks . | . . Total Damage . | . . Kills . | . . Allies Corrupted . | . . Allies Melted . | . . Intel | -11 -10 ------- Run | Yrd Mat Robot Analysis Total . | . . Derelict Logs Recovered . | . . Drone Launches . | . . Drone Recoveries . | . . Exploration | -11 -10 ------------- Run | Yrd Mat Turns Passed 251 | 65 186 Spaces Moved 125 | 64 61 Core 61 | 61 . Treads . | . . Legs 64 | 3 61 Wheels . | . . Hover . | . . Flight . | . . Fastest Speed 50 | 50 120 Average Speed 88 | 57 120 Slowest Speed 120 | 120 120 Overloaded Moves . | . . Propulsion Burnouts . | . . Robots Hopped . | . . Cave-ins Triggered . | . . Exploration Rate (%) 10 | 8 13 Regions Visited 1 Branch Regions . Pre-discovered Areas . | . . Known Exits Taken . | . . Unknown Exits Taken 1 | 1 . Scrap Searched . | . . Spaces Dug . | . . Terrain Destroyed . | . . Melee . | . . Projectile . | . . AOE . | . . Terrain Rammed . | . . Walls Destroyed . | . . Machines Disabled . | . . Actions | -11 -10 --------- Run | Yrd Mat Total 194 | 84 110 Wait 6 | 6 . Move 124 | 63 61 Hop . | . . Pick Up 10 | 6 4 Fast Attach . | . . Attach 10 | 5 5 Detach . | . . Swap . | . . Drop . | . . Fire 44 | 4 40 Melee . | . . Ram . | . . Kick . | . . Crush . | . . Escape Stasis . | . . Rewire . | . . Trap . | . . Miscellaneous . | . . Route ------- -11/Scrapyard -10/Materials History --------- Turn | Location | Event 2 | -11/Scrapyard | Met Revision 17 31 | -11/Scrapyard | Discovered new exit (range 8) 66 | -11/Scrapyard | Entered Materials 172 | -10/Materials | Core integrity fell below 50% 227 | -10/Materials | Core integrity fell below 20% 228 | -10/Materials | Lost 6 parts (1p1n2u2w) 252 | -10/Materials | Destroyed by S-10 Pest with Light Assault Rifle Last Messages --------------- Aluminum Leg destroyed. G-34 Mercenary destroyed. Switching to secondary target: S-10 Pest. Acquired 2 matter. Acquired 1 matter. Acquired 2 matter. Tractor Beam destroyed. Heat Sink destroyed. S-10 Pest destroyed. R-06 Scavenger collects Lgt. Ion Engine. Acquired Lgt. Ion Engine. R-06 Scavenger collects Signal Interpreter. R-06 Scavenger collects Lgt. Assault Rifle. S-10 Pest destroyed. Aluminum Leg destroyed. S-10 Pest destroyed. Switching to secondary target: S-10 Pest. K-01 Serf collects debris. Lgt. Ion Engine destroyed. K-01 Serf collects debris. Map ----- +----------------------------------------------------+ | ?????????????????????????????????????????????????? | | ?????????????????????????????????????????????????? | | ??????????????????????????????????????########???? | | ??????????????????????##??????????????# #???? | | ?????????????????????? #??############ #???? | | ??????????????????????# #??# """ # # #???? | | ??????????????????????# #??# """ # # "Y" #???? | | ??????????????????????# #??# """ # # """ #???? | | ??????????????????????#[#??# + + #???? | | ?????????????????????##=#### # ########???? | | ?????????????????????# %= + # #??????????? | | ?????????????????????# ########## #??????????? | | ?????????????????????# % ?????????? | | ?????????????????????# ????????? | | ?????????????????????# ???????? | | ?????????????????????# ??????? | | ?????????????????????# =% ?????? | | ?????????????????###?# %#################????? | | ???????????? ????#"""#! s*#?##?????????????????? | | ??????????## ###"T"#%= %k# ??????????????????? | | ????????? [ %= # ???????????????????? | | ????????? ! +????????????????????? | | ????????? %#????????????????????? | | ??????????####### #????????????????????? | | ????????????????# ## #?????????????? | | ????????????????+ "T" @ #?????????????? | | ????????????????# + ????????? | | ????????????????# # ????????? | | ????????????????####### # #?????????????? | | ??????????????????????# #######?????????????? | | ??????????????????????#!![[==#???????????????????? | | ??????????????????????#!![[==#???????????????????? | | ??????????????????????########???????????????????? | | ?????????????????????????????????????????????????? | | ?????????????????????????????????????????????????? | | ?????????????????????????????????????????????????? | | ?????????????????????????????????????????????????? | | ?????????????????????????????????????????????????? | | ?????????????????????????????????????????????????? | | ?????????????????????????????????????????????????? | | ?????????????????????????????????????????????????? | | ?????????????????????????????????????????????????? | | ?????????????????????????????????????????????????? | | ?????????????????????????????????????????????????? | | ?????????????????????????????????????????????????? | | ?????????????????????????????????????????????????? | | ?????????????????????????????????????????????????? | | ?????????????????????????????????????????????????? | | ?????????????????????????????????????????????????? | | ?????????????????????????????????????????????????? | +----------------------------------------------------+ Best States ------------- Heat Dissipation 35 Energy Generation 10 Energy Capacity 125 Matter Stores 300 Matter Capacity 300 Sight Range 16 Terrain Scan Density 10 Evasion (%) 55 Item Schematics ----------------- None Robot Schematics ------------------ None Fabricated ------------ Nothing Alien Tech Used ----------------- None Achievements -------------- None Challenges ------------ None Game ------ Seed ConstructCentriumTreads Manual? 0 Play Time 00:05:03 Cumulative 1.1 hours Start 2024.04.05 @ 08:40:37 End 2024.04.05 @ 08:45:33 Sessions 1 Manual Loads 0 Difficulty Rogue Special Mode None Game No. 3 Rogue 3 Adventurer 0 Explorer 0 Win Type - Total 0 Types 0/0/0/0/0/0/0/0/0 Lore% 0 Gallery% 2 Achievement% 3 Wizard Run 0 Options --------- Layout 1 ASCII 0 Keyboard 0 Movement Mouse Keybinds 0 Fullscreen 1 Font 48/Smallcaps Map View 50x35 Zoom Use 0% Tactical HUD 0 Map Filters NONE Filters NONE Steam 1 RUN: 8c236126-212b-44f7-a17d-00cfe6970a46